Cogmind - Beta 16 @@@ ROGUE MODE // 2025.12.27 @ 18:31:53 Player: acra Result: Self-destructed Performance ------------- Evolutions (1) 500 Regions Visited (2) 400 Robots Destroyed (13) 65 Value Destroyed (235) 235 Prototype IDs (0) 0 Alien Tech Used (0) 0 Bonus (0) 0 TOTAL SCORE: 1200 Bonus ------- None Cogmind --------- Core Integrity 341/400 Matter 163/300 Energy 94/100 System Corruption 1% Temperature Cool (0) Movement Flying (120) Ox1 Location -9/Materials Parts ------- > --- POWER (1) -------- (None) > --- PROPULSION (2) --- Flight Unit > --- UTILITY (4) ------ Small Storage Unit Sensor Array Signal Interpreter > --- WEAPON (2) ------- Assault Rifle > --- INVENTORY (8) ---- Light Nuclear Core Light Nuclear Core Wheel Heat Sink EM Pulse Gun Small Laser Peak State ------------ > --- POWER ------------ Light Ion Engine > --- PROPULSION ------- Aluminum Leg Flight Unit > --- UTILITY ---------- Medium Storage Unit Sensor Array Signal Interpreter > --- WEAPON ----------- Assault Rifle Assault Rifle > --- INVENTORY -------- Ion Engine Ion Engine Aluminum Leg Aluminum Leg Aluminum Leg Wheel Heat Sink Light Armor Plating EM Pulse Gun Small Laser [Rating: 9] Favorites ----------- Power Light Ion Engine Engine Light Ion Engine Propulsion Aluminum Leg Leg Aluminum Leg Wheel Wheel Flight Unit Flight Unit Utility Signal Interpreter Device Sensor Array Storage Medium Storage Unit Processor Signal Interpreter Weapon Assault Rifle Energy Gun EM Pulse Gun Ballistic Gun Assault Rifle Build | -11 -10 -9 ------- Run | Yrd Mat Mat Slots Evolved 2 | . . 2 Power . | . . . Propulsion . | . . . Utility 2 | . . 2 Weapon . | . . . Parts Attached 15 | 7 3 5 Power 1 | 1 . . Engine 1 | 1 . . Core . | . . . Reactor . | . . . Propulsion 6 | 3 1 2 Treads . | . . . Leg 3 | 2 1 . Wheel 1 | 1 . . Hover . | . . . Flight 2 | . . 2 Utility 5 | 1 2 2 Device 1 | . . 1 Storage 3 | 1 1 1 Processor 1 | . 1 . Hackware . | . . . Protection . | . . . Artifact . | . . . Weapon 3 | 2 . 1 Energy Gun 1 | . . 1 Energy Cannon . | . . . Ballistic Gun 2 | 2 . . Ballistic Cannon . | . . . Launcher . | . . . Special Weapon . | . . . Impact Weapon . | . . . Slashing Weapon . | . . . Piercing Weapon . | . . . Special Melee Weapon . | . . . Unidentified Prototypes . | . . . Parts Lost 2 | . . 2 Power 1 | . . 1 Propulsion 1 | . . 1 Utility . | . . . Weapon . | . . . Highest Loss Streak 1 | . . 1 To Critical Strikes . | . . . Average Backups 5 | 1 5 7 Power 1 | . 1 2 Propulsion 1 | . 1 2 Utility . | . . 1 Weapon 1 | . 1 1 Tool/Special . | . . . Unused Backups 9 | . 1 8 Power 5 | . 1 4 Propulsion 1 | . . 1 Utility 2 | . . 2 Weapon 1 | . . 1 Tool/Special . | . . . Average Slot Usage (%) 86 | . 92 77 Engine 10 | . 14 4 Leg 19 | . 28 5 Flight 5 | . . 16 Device 3 | . . 11 Storage 13 | . 14 11 Processor 8 | . 7 11 Ballistic Gun 24 | . 27 17 Peak Build Rating 9 | 6 8 9 Average Rating 6 | 4 6 7 On Entrance 4 | . 6 8 Avg Prop Armor Cover (%) . | . . . Naked Turns . | . . . Heaviest Build 18 | 12 17 18 Greatest Support 20 | 20 20 20 Greatest Overweight (x) 4 | 1 . 4 Average Overweight (x) . | . . . Largest Inventory Capacity 10 | 8 10 10 Average Capacity 9 | 7 9 9 Most Carried 10 | 3 10 10 Average Carried 5 | 2 5 7 Final Capacity 10 | 8 10 8 Final Carried 10 | 3 10 6 Class Distribution -------------------- 100% | Mutant Dominant Class ---------------- Mutant | -10/Materials Mutant | -9/Materials Resources | -11 -10 -9 ----------- Run | Yrd Mat Mat Matter Collected 410 | 171 175 64 Remotely . | . . . Salvage Created 338 | . 175 163 Parts 28 | . 12 16 Haulers Intercepted 1 | . 1 . Recyclers Shooed . | . . . Parts Field Recycled . | . . . Retrieved Matter . | . . . Parts Self-Destructed . | . . . Prevented . | . . . Parts Restored . | . . . Kills | -11 -10 -9 ------- Run | Yrd Mat Mat Combat Hostiles Destroyed 11 | . 3 8 Guns 11 | . 3 8 Classes Destroyed 5 | . 3 2 Hauler 1 | . 1 . Operator 1 | . 1 . Swarmer 7 | . . 7 Grunt 3 | . 3 . Sentry 1 | . . 1 Best Kill Streak 4 | . 2 4 Combat Bots Only 4 | . 2 4 Max Kills in Single Turn 1 | . 1 1 Gunslinging . | . . . Exploded . | . . . Melee . | . . . Uniques/NPCs Destroyed . | . . . Combat | -11 -10 -9 -------- Run | Yrd Mat Mat Hostile Shots Fired 60 | . 7 53 Missed 31 | . 4 27 Hits 29 | . 3 26 Projectile 29 | . 3 26 Damage Taken 290 | . 32 258 Core 59 | . . 59 Absorbed by Shields . | . . . Core Remaining (%) 100 | 100 100 . Volleys Fired 35 | . 17 18 Largest 2 | . 2 2 Hottest 60 | . 40 60 Shots Fired 64 | . 33 31 Gun 64 | . 33 31 Cannon . | . . . Launcher . | . . . Special . | . . . Kinetic 61 | . 33 28 Thermal . | . . . Explosive . | . . . Electromagnetic 3 | . . 3 Robot Hit Streak 4 | . 4 4 Robot Miss Streak 3 | . 3 3 Penetration Max . | . . . Secondary Targets 1 | . . 1 Max Gunslinging Chain 1 | . . 1 Shots Hit Robots 32 | . 18 14 Core Hits 18 | . 9 9 Critical Kills . | . . . Critical Parts Destroyed . | . . . Critical Strikes . | . . . Melee Attacks . | . . . Impact . | . . . Slashing . | . . . Piercing . | . . . Sneak Attacks . | . . . Combat Hostiles . | . . . Follow-up Attacks . | . . . Damage Inflicted 375 | . 216 159 Guns 357 | . 205 152 Cannons . | . . . Explosions . | . . . Melee . | . . . Ramming 18 | . 11 7 Kinetic 337 | . 205 132 Thermal . | . . . Explosive . | . . . Electromagnetic 20 | . . 20 Impact . | . . . Slashing . | . . . Piercing . | . . . Highest Corruption 1 | . . 1 Average Corruption 1 | . . 1 Corruption Purged . | . . . Corruption Blocked . | . . . Effects 2 | . . 2 Matter Fused 1 | . . 1 Heat Flow Errors 1 | . . 1 Overload Shots . | . . . Overflow Damage . | . . . Projectiles . | . . . Explosions . | . . . Melee . | . . . Knockbacks . | . . . Impact . | . . . Kinetic . | . . . Secondary . | . . . Self-Inflicted Damage 3 | . . 3 Shots . | . . . Rammed 1 | . . 1 Targets Rammed 3 | . 2 1 Kicked 2 | . 2 . Crushed . | . . . Highest Temperature 270 | . . 270 Average Temperature 146 | . . 146 Received Heat Transfer 54 | . 18 36 Siege Activations . | . . . Martial Activations . | . . . Shielding Activations . | . . . Robots Disrupted . | . . . Combat Hostiles . | . . . Robots Corrupted . | . . . Combat Hostiles . | . . . Parts Fried . | . . . Impact Corruptions . | . . . Robots Melted . | . . . Combat Hostiles . | . . . Parts Melted . | . . . Heat Transferred . | . . . Parts Sabotaged . | . . . Parts Stolen . | . . . Parts Stripped . | . . . Power Chain Reactions . | . . . Alert | -11 -10 -9 ------- Run | Yrd Mat Mat Maximum Alert Level . | . . . Low Security (%) 100 | 100 100 100 Level 1 . | . . . Level 2 . | . . . Level 3 . | . . . Level 4 . | . . . Level 5 . | . . . High Security . | . . . Max Security . | . . . Peak Influence 143 | . 40 143 Initial 3 | . . 3 Average 20 | . 9 45 Influence Increases 343 | . 93 250 Destroy 0b10 Robot/C 220 | . 60 160 Destroy 0b10 Robot/NC 10 | . 10 . Destroy Leader 52 | . 22 30 Successful Hack 14 | . . 14 Destroy Structure 2 | . 1 1 Lose Combat Pursuer 45 | . . 45 Influence Decreases 220 | . 85 135 Entered New Map 5 | . . 5 Time Decay 195 | . 85 110 Lost Part 20 | . . 20 Squads Dispatched 3 | . 2 1 Investigation 1 | . 1 . Extermination . | . . . Reinforcement 2 | . 1 1 Assault . | . . . Garrison . | . . . Intercept . | . . . Searches Triggered . | . . . Construction Impeded . | . . . Haulers Reinforced . | . . . Active Scanning Responses . | . . . Cargo Convoy Interrupts . | . . . Stealth | -11 -10 -9 --------- Run | Yrd Mat Mat Distress Signals 1 | . 1 . Communications Jammed . | . . . Distress Signals . | . . . Times Spotted 28 | . 9 19 Peak Tracking Total 10 | . 3 10 Tactical Retreats 2 | . . 2 Traps | -11 -10 -9 ------- Run | Yrd Mat Mat Traps Triggered 3 | . 2 1 Indirectly . | . . . Trap Hack Attempts . | . . . Triggered . | . . . Disarmed . | . . . Reprogrammed . | . . . Reused . | . . . Traps Extracted . | . . . Installed . | . . . Triggered . | . . . Machines | -11 -10 -9 ---------- Run | Yrd Mat Mat Machines Disabled . | . . . Max in Single Turn . | . . . Machines Repaired . | . . . Machines Dismantled . | . . . Machines Sabotaged . | . . . Overloaded Fab Kills . | . . . Hacking | -11 -10 -9 --------- Run | Yrd Mat Mat Machines Accessed 8 | . 4 4 Terminals 8 | . 4 4 Fabricators . | . . . Repair Stations . | . . . Recycling Units . | . . . Scanalyzers . | . . . Garrison Access . | . . . Total Hacks 20 | . 8 12 Successful 5 | . 2 3 Failed 15 | . 6 9 Catastrophic 7 | . 3 4 Database Lockouts . | . . . Manual 12 | . 7 5 Terminals 20 | . 8 12 Fabricators . | . . . Repair Stations . | . . . Recycling Units . | . . . Scanalyzers . | . . . Garrison Access . | . . . Terminal Hacks 5 | . 2 3 Record 1 | . 1 . Terminal Index 1 | . 1 . Locate Traps 1 | . . 1 Registered Components 1 | . . 1 Zone Layout 1 | . . 1 Fabricator Hacks . | . . . Repair Station Hacks . | . . . Recycling Unit Hacks . | . . . Scanalyzer . | . . . Garrison Access Hacks . | . . . Unauthorized Hacks . | . . . Terminals . | . . . Fabricators . | . . . Repair Stations . | . . . Recycling Units . | . . . Scanalyzers . | . . . Garrison Access . | . . . Data Cores Recovered . | . . . Used . | . . . Hacking Detections 7 | . 4 3 Full Trace Events . | . . . Feedback Events . | . . . Feedback Blocked . | . . . Robot Schematics Acquired . | . . . Robots Built . | . . . Authchips . | . . . Time . | . . . Total Robot Build Rating . | . . . Part Schematics Acquired . | . . . Parts Built . | . . . Authchips . | . . . Time . | . . . Total Part Build Rating . | . . . Part Studies Acquired . | . . . Parts Repaired . | . . . Time . | . . . Parts Recycled . | . . . Recycled Matter . | . . . Retrieved Matter . | . . . Retrieved Components . | . . . Parts Scanalyzed . | . . . Part Schematics Acquired . | . . . Parts Damaged . | . . . Bothacking | -11 -10 -9 ------------ Run | Yrd Mat Mat Used RIF Installer . | . . . Robots Hacked . | . . . Non-combat . | . . . Combat . | . . . Robot Hacks Applied . | . . . Relay Couplers Released . | . . . Fabnet Peak Effective % . | . . . Robots Rewired . | . . . Allies Hacked . | . . . Hacks Repelled . | . . . Allies | -11 -10 -9 -------- Run | Yrd Mat Mat Total Allies . | . . . Largest Group . | . . . Highest-Rated Group . | . . . Highest-Rated Ally . | . . . Total Orders . | . . . Ally Attacks . | . . . Total Damage . | . . . Kills . | . . . Allies Corrupted . | . . . Allies Melted . | . . . Intel | -11 -10 -9 ------- Run | Yrd Mat Mat Active Infowar (turns) 231 | . . 231 Sensors 231 | . . 231 Robot Analysis Total . | . . . Derelict Logs Recovered . | . . . Drone Launches . | . . . Drone Recoveries . | . . . Exploration | -11 -10 -9 ------------- Run | Yrd Mat Mat Turns Passed 715 | 65 419 231 Spaces Moved 582 | 45 285 252 Core 1 | 1 . . Treads . | . . . Legs 342 | 37 285 20 Wheels 7 | 7 . . Hover . | . . . Flight 232 | . . 232 Fastest Speed 37 | 50 120 37 Average Speed 92 | 116 120 57 Slowest Speed 360 | 190 120 360 Overloaded Moves . | . . . Propulsion Burnouts . | . . . Robots Hopped 5 | . . 5 Potential Cave-ins . | . . . Cave-ins Triggered . | . . . Exploration Rate (%) 25 | 3 42 30 Regions Visited 2 Branch Regions . Pre-discovered Areas . | . . . Known Exits Taken 1 | . 1 . Unknown Exits Taken 1 | 1 . . Scrap Searched . | . . . Spaces Dug . | . . . Terrain Destroyed . | . . . Melee . | . . . Projectile . | . . . AOE . | . . . Terrain Rammed . | . . . Walls Destroyed . | . . . Machines Disabled . | . . . Actions | -11 -10 -9 --------- Run | Yrd Mat Mat Total 685 | 55 326 304 Wait 29 | . 8 21 Move 570 | 44 284 242 Hop 5 | . . 5 Pick Up 12 | 3 7 2 Fast Attach 14 | 6 5 3 Attach 3 | 1 . 2 Detach 3 | 1 . 2 Swap 1 | . 1 . Drop 10 | . 2 8 Fire 35 | . 17 18 Melee . | . . . Ram 1 | . . 1 Kick 2 | . 2 . Crush . | . . . Escape Stasis . | . . . Rewire . | . . . Trap . | . . . Miscellaneous . | . . . Route ------- -11/Scrapyard -10/Materials -9/Materials (discovered 1 exit: *Min) History --------- Turn | Location | Event 8 | -11/Scrapyard | Discovered new exit (range 15) 66 | -11/Scrapyard | Entered Materials 306 | -10/Materials | Build established: Mutant 469 | -10/Materials | Discovered new exit (range 14) 483 | -10/Materials | Identified exit to Materials 485 | -10/Materials | Entered another Materials area 485 | -9/Materials | Evolved 2 slots: Utility x2 603 | -9/Materials | Discovered new exit (range 13) 623 | -9/Materials | Identified exit to Mines 716 | -9/Materials | Self-destructed Last Messages --------------- Downloaded map data. 00652_ K-01 Serf collects debris. 00670_ Connecting with Terminal... 00678_ System corrupted: Heat flow error (+286). 00682_ S-10 Pest destroyed. 00693_ Acquired 12 matter. 00695_ Matter Filter disabled. 00698_ S-10 Pest destroyed. 00703_ System corrupted: Matter fused (-5). 00710_ K-01 Serf collects debris. 00710_ Flight Unit destroyed. 00710_ Slammed into A-02 Transporter. 00715_ O-16 Technician: "IFF HANDSHAKE FAILED. SECURING TERMINAL." 00715_ O-16 Technician uses terminal to summon reinforcements. 00715_ ALERT: Hostiles spotted, dispatching reinforcements to Terminal M006. 00715_ O-16 Technician locks terminal. 00716_ K-01 Serf cleans the Terminal. Map ----- +----------------------------------------------------+ | ?????????????????????????????????????????????????? | | ?????????????????????????????????????????????????? | | ?????????????????????????????????????????????????? | | ?????????????????????????????????????????????????? | | ?????????????????????????????????????????????????? | | ?????????????????????????????????????????????????? | | ?????????????????????????????????????????????????? | | ?????????????????????????????????????????????????? | | ?????????????????????????????????????????????????? | | ?????????????????????????????????????????????????? | | ?????????????????????????????????????????????????? | | ??????????????????????###????????????????????????? | | ????????????????????? ????????????????????????? | | ????????????????????? ????????????????????????? | | ????????????????????? ????????????????????????? | | ?????????????????????# x???????????????????????? | | ?????????????????????# ????????????????????????? | | ?????????????????????# #???????????????????????? | | ?????????????????????# #???????????????????????? | | ?????????????????????# #???????????????????????? | | ????????????????!????# ??????x????????????????? | | ?????????????????????# #?#######???????????????? | | ?????????????????????# #? #???????????????? | | ?????????????????????# # o"" #???????????????? | | ?????????????????????# a # T" #???????????????? | | ?????????????????????# @ "" #???????????????? | | ?????????????????????# # k #???????????????? | | ?????????????????????# # #???????????????? | | ?????????????????????# #?#######???????????????? | | ??????????????????#####g#####????????????????????? | | ?????????##???????# #????????????????????? | | ????????? #???????# #????????????????[???? | | ???????"" #???????# #????????????????????? | | ??#?? ?T" #???????# #????????????????????? | | ??# """ #???????# #????????????????????? | | ??# #???????# k #????????????????????? | | ?## """ #???????# #????????????????????? | | ?? """ #???????# #????????????????????? | | ??# """ #???????########+##????????????????????? | | ??# #??????????????# #?????????????????????? | | ??# #??????????????# #?????????????????????? | | ???? ????????????????# #?????????????????????? | | ????##+################### ###???????????????????? | | ????# #???????????????????? | | ##### #???????????????????? | | #??????!????????????? | | ############# ########???????????????????? | | #???????????# ###########????????????????? | | #???????????# ## [ = [==#????????????????? | | #??????????## ## %""%""%#????????????????? | +----------------------------------------------------+ Best States ------------- Heat Dissipation 28 Energy Generation 10 Energy Capacity 125 Matter Stores 226 Matter Capacity 300 Sight Range 16 Robot Scan Range 14 Terrain Scan Density 10 Evasion (%) 62 Item Schematics ----------------- None Robot Schematics ------------------ None Fabricated ------------ Nothing Repaired ---------- Nothing Studied --------- None Alien Tech Used ----------------- None Achievements -------------- None Challenges ------------ None Game ------ Seed SegregatorIonicCoupler Manual? 0 Play Time 00:10:11 Cumulative 54.0 hours Start 2025.12.27 @ 18:21:26 End 2025.12.27 @ 18:31:53 Sessions 1 Manual Loads 0 Difficulty Rogue Special Mode None Game No. 88 Rogue 70 Adventurer 17 Explorer 1 Win Type - Total 3 Types 3/0/0/0/0/0/0/0/0/0 Lore% 15 Gallery% 37 Achievement% 22 Wizard Run 0 Options --------- Layout 1 ASCII 0 Keyboard 0 Movement Arrows Keybinds 0 Fullscreen 1 Font 24/Smallcaps Map View 50x35 Zoom Use 0% Tactical HUD 1 Map Filters NONE Filters NONE Steam 1 RUN: 38be64a5-3d46-4ead-83ab-d96daa9ea6a7